PAAA
PAWNEE PARKSNREC @ TORTOLITA DRUMMERS
05/11/2031
 
TOP OF THE 1ST
Pawnee ParksNRec batting - Pitching for Tortolita Drummers : LHP Ricardo Ruíz
Pitching: LHP Ricardo Ruíz
Batting: SHB Dave Gant 0-0: Called Strike
0-1: Fly out, F8 (Flyball, 8RM)
Batting: SHB Dennis Barraclough 0-0: Ball
1-0: Foul Ball, location: 2F
1-1: Swinging Strike
1-2: Foul Ball, location: 2F
1-2: Ball
2-2: Ball
3-2: Foul Ball, location: 2F
3-2: Fly out, F7 (Flyball, 7LS)
Batting: RHB Gustavo González 0-0: Foul Ball, location: 2F
0-1: Foul Ball, location: 2F
0-2: Ball
1-2: SINGLE (Line Drive, 9S)
Batting: LHB Yao-pang Chiang 0-0: Fly out, F6 (Popup, P)
Top of the 1st over - 0 runs, 1 hit, 0 errors, 1 left on base; Pawnee 0 - Tortolita 0
BOTTOM OF THE 1ST
Tortolita Drummers batting - Pitching for Pawnee ParksNRec : RHP Joey McCarthy
Pitching: RHP Joey McCarthy
Batting: RHB Sean Godron 0-0: Fly out, F9 (Flyball, 9LS)
Batting: RHB Ricardo Pacheco 0-0: Called Strike
0-1: SINGLE (Groundball, 6MD)
Batting: RHB Santo Alba 0-0: Swinging Strike
0-1: Ball
1-1: Foul Ball, location: 2F
1-2: Ground out U3 (Groundball, 34S)
Ricardo Pacheco to second
Batting: LHB Bernardo Elías 0-0: Ball
1-0: Ball
2-0: Ball
3-0: Called Strike
3-1: Base on Balls
Batting: RHB Jim Burch 0-0: SINGLE (Groundball, 5D)
Ricardo Pacheco to third
Bernardo Elías to second
Runner from 3rd tries for Home, SAFE, no throw
Batting: LHB Steve Costillo 0-0: Fielders Choice at 2nd, 6-4 (Groundball, 6)
Bottom of the 1st over - 1 run, 2 hits, 0 errors, 2 left on base; Pawnee 0 - Tortolita 1
TOP OF THE 2ND
Pawnee ParksNRec batting - Pitching for Tortolita Drummers : LHP Ricardo Ruíz
Batting: RHB Ken Bone 0-0: Called Strike
0-1: Ball
1-1: Ball
2-1: Called Strike
2-2: Ground out 6-3 (Groundball, 6)
Batting: RHB Daryl Moran 0-0: Called Strike
0-1: Fly out, F6 (Line Drive, 6)
Batting: RHB Mike Lipide 0-0: Ground out 5-3 (Groundball, 56)
Top of the 2nd over - 0 runs, 0 hits, 0 errors, 0 left on base; Pawnee 0 - Tortolita 1
BOTTOM OF THE 2ND
Tortolita Drummers batting - Pitching for Pawnee ParksNRec : RHP Joey McCarthy
Batting: SHB Cash Masters 0-0: Ball
1-0: Ball
2-0: Ball
3-0: Called Strike
3-1: Base on Balls
Batting: SHB Anthony Hopkins 0-0: Ball
1-0: Ball
2-0: DOUBLE (Groundball, 5L)
Cash Masters to third
Batting: SHB Carlos Kramer 0-0: Ball
1-0: Ball
2-0: Called Strike
2-1: Ground out 6-3 (Groundball, 6M)
Cash Masters scores
Anthony Hopkins to third
Batting: RHB Sean Godron 0-0: Ball
1-0: Ball
2-0: Called Strike
2-1: Ground out 5-3 (Groundball, 56S)
Anthony Hopkins scores
Batting: RHB Ricardo Pacheco 0-0: Ball
1-0: Ball
2-0: Ground out 5-3 (Groundball, 56)
Bottom of the 2nd over - 2 runs, 1 hit, 0 errors, 0 left on base; Pawnee 0 - Tortolita 3
TOP OF THE 3RD
Pawnee ParksNRec batting - Pitching for Tortolita Drummers : LHP Ricardo Ruíz
Batting: RHB Jason Alston 0-0: Ground out 1-3 (Groundball, 15)
Batting: RHB Roberto Aguirre 0-0: Called Strike
0-1: Ball
1-1: SOLO HOME RUN (Flyball, 7LD), Distance : 341 ft
Batting: SHB Dave Gant 0-0: Ball
1-0: Ball
2-0: Swinging Strike
2-1: Ball
3-1: Foul Ball, location: 2F
3-2: SINGLE (Line Drive, 9LS)
Batting: SHB Dennis Barraclough 0-0: 2-RUN HOME RUN (Flyball, 7D), Distance : 354 ft
Batting: RHB Gustavo González 0-0: SINGLE (Flyball, 78M)
Batting: LHB Yao-pang Chiang 0-0: Called Strike
0-1: Swinging Strike
0-2: Ball
1-2: Foul Ball, location: 2F
1-2: Strikes out looking
Batting: RHB Ken Bone 0-0: Ball
1-0: Ball
2-0: Ball
3-0: Called Strike
3-1: Called Strike
3-2: Strikes out looking
Top of the 3rd over - 3 runs, 4 hits, 0 errors, 1 left on base; Pawnee 3 - Tortolita 3
BOTTOM OF THE 3RD
Tortolita Drummers batting - Pitching for Pawnee ParksNRec : RHP Joey McCarthy
Batting: RHB Santo Alba 0-0: Ground out 5-3 (Groundball, 56S)
Batting: LHB Bernardo Elías 0-0: Foul Ball, location: 2F
0-1: Ground out U3 (Groundball, 3)
Batting: RHB Jim Burch 0-0: Called Strike
0-1: Ball
1-1: Fly out, F7 (Flyball, 78M)
Bottom of the 3rd over - 0 runs, 0 hits, 0 errors, 0 left on base; Pawnee 3 - Tortolita 3
TOP OF THE 4TH
Pawnee ParksNRec batting - Pitching for Tortolita Drummers : LHP Ricardo Ruíz
Batting: RHB Daryl Moran 0-0: Foul Ball, location: 2F
0-1: Ball
1-1: Foul Ball, location: 2F
1-2: Ball
2-2: Ball
3-2: Fly out, F8 (Flyball, 8RM)
Batting: RHB Mike Lipide 0-0: Called Strike
0-1: Ball
1-1: Foul Ball, location: 2F
1-2: Foul Ball, location: 2F
1-2: Ball
2-2: Foul Ball, location: 2F
2-2: DOUBLE (Line Drive, 7LM)
Pinch Runner at 2nd David Tineo:
Batting: RHB Jason Alston 0-0: Swinging Strike
0-1: Ball
1-1: Ball
2-1: Foul Ball, location: 2F
2-2: Ball
3-2: Foul Ball, location: 2F
3-2: Base on Balls
Batting: RHB Roberto Aguirre 0-0: Ball
David Tineo steals 3rd base
1-0: Foul Ball, location: 2F
1-1: Called Strike
1-2: Foul Ball, location: 2F
1-2: Strikes out swinging
Batting: SHB Dave Gant 0-0: Ball
1-0: Ground out 6-3 (Groundball, 6M)
Top of the 4th over - 0 runs, 1 hit, 0 errors, 2 left on base; Pawnee 3 - Tortolita 3
BOTTOM OF THE 4TH
Tortolita Drummers batting - Pitching for Pawnee ParksNRec : RHP Joey McCarthy
Now in LF: David Tineo
Batting: LHB Steve Costillo 0-0: Called Strike
0-1: Ball
1-1: Ball
2-1: Ball
3-1: Ground out 5-3 (Groundball, 56)
Batting: SHB Cash Masters 0-0: Ball
1-0: Ball
2-0: Ball
3-0: Base on Balls
Batting: SHB Anthony Hopkins 0-0: Called Strike
0-1: Ground out 3-1 (Groundball, 34S)
Cash Masters to second
Batting: SHB Carlos Kramer 0-0: SINGLE (Groundball, 6D)
Cash Masters to third
Runner from 3rd tries for Home, SAFE, no throw
Batting: RHB Sean Godron 0-0: Ball
1-0: SINGLE (Line Drive, 89S)
Carlos Kramer to second
Batting: RHB Ricardo Pacheco 0-0: Ball
1-0: Called Strike
1-1: Ball
2-1: Ground out 4-3 (Groundball, 34)
Bottom of the 4th over - 1 run, 2 hits, 0 errors, 2 left on base; Pawnee 3 - Tortolita 4
TOP OF THE 5TH
Pawnee ParksNRec batting - Pitching for Tortolita Drummers : LHP Ricardo Ruíz
Batting: SHB Dennis Barraclough 0-0: DOUBLE (Groundball, 5L)
Batting: RHB Gustavo González 0-0: Ball
1-0: Ball
2-0: Called Strike
2-1: Ball
3-1: Base on Balls
Batting: LHB Yao-pang Chiang 0-0: Ball
Wild Pitch!
Dennis Barraclough to third
Gustavo González to second
1-0: Called Strike
1-1: Ground out 6-3 (Groundball, 6)
Dennis Barraclough scores
Batting: RHB Ken Bone 0-0: Ball
1-0: Ball
2-0: Called Strike
2-1: Ball
3-1: DOUBLE (Flyball, 89D)
Gustavo González scores
Batting: RHB Daryl Moran 0-0: Ball
1-0: Called Strike
1-1: Ball
2-1: Foul Ball, location: 2F
2-2: Ball
3-2: DOUBLE (Groundball, 3L)
Ken Bone scores
Batting: RHB David Tineo 0-0: Foul Ball, location: 2F
0-1: Ball
1-1: Ball
2-1: Called Strike
2-2: SINGLE (Line Drive, 5D)
Daryl Moran to third
Pitching: RHP Mike Desmond
Batting: RHB Jason Alston 0-0: Ball
1-0: Ball
2-0: Foul Ball, location: 2F
2-1: Called Strike
2-2: Strikes out swinging
David Tineo steals 2nd base
Batter strikes out.
Batting: RHB Roberto Aguirre 0-0: Ball
1-0: Called Strike
1-1: Ground out 4-3 (Groundball, 4)
Top of the 5th over - 3 runs, 4 hits, 0 errors, 2 left on base; Pawnee 6 - Tortolita 4
BOTTOM OF THE 5TH
Tortolita Drummers batting - Pitching for Pawnee ParksNRec : RHP Joey McCarthy
Batting: RHB Santo Alba 0-0: Ball
1-0: Ball
2-0: Ground out 4-3 (Groundball, 4M)
Batting: LHB Bernardo Elías 0-0: Ball
1-0: Ball
2-0: Foul Ball, location: 2F
2-1: Ball
3-1: Base on Balls
Batting: RHB Jim Burch 0-0: SINGLE (Line Drive, 56D)
Bernardo Elías to second
Batting: LHB Steve Costillo 0-0: Grounds into double play, 4-6-3 (Groundball, 4)
Bottom of the 5th over - 0 runs, 1 hit, 0 errors, 1 left on base; Pawnee 6 - Tortolita 4
TOP OF THE 6TH
Pawnee ParksNRec batting - Pitching for Tortolita Drummers : RHP Mike Desmond
Batting: SHB Dave Gant 0-0: Ball
1-0: Called Strike
1-1: Ball
2-1: Ball
3-1: Base on Balls
Batting: SHB Dennis Barraclough 0-0: Called Strike
0-1: Foul Ball, location: 2F
0-2: Ground out U3 (Groundball, 34)
Dave Gant to second
Batting: RHB Gustavo González 0-0: Swinging Strike
0-1: Fly out, F7 (Flyball, 7D)
Batting: LHB Yao-pang Chiang 0-0: Foul Ball, location: 2F
0-1: Ball
1-1: Ball
2-1: Ball
3-1: Ground out U3 (Groundball, 3)
Top of the 6th over - 0 runs, 0 hits, 0 errors, 1 left on base; Pawnee 6 - Tortolita 4
BOTTOM OF THE 6TH
Tortolita Drummers batting - Pitching for Pawnee ParksNRec : RHP Joey McCarthy
Batting: SHB Cash Masters 0-0: Ball
1-0: DOUBLE (Line Drive, 7LS)
Batting: SHB Anthony Hopkins 0-0: Ball
1-0: Called Strike
1-1: Ball
2-1: Swinging Strike
2-2: Foul Ball, location: 2F
2-2: Foul Ball, location: 2F
2-2: Foul Ball, location: 2F
2-2: DOUBLE (Flyball, 8RD)
Cash Masters scores
Pitching: LHP Domingo Posadas
Batting: SHB Carlos Kramer 0-0: 2-RUN HOME RUN (Flyball, 7D), Distance : 357 ft
Batting: RHB Sean Godron 0-0: Ball
1-0: Called Strike
1-1: Ball
2-1: Foul Ball, location: 2F
2-2: SINGLE (Groundball, 56D)
Batting: RHB Ricardo Pacheco 0-0: Sac Bunt - play at first, batter OUT! 1-4
Sean Godron to second
Batting: RHB Santo Alba 0-0: Ball
1-0: Ball
Wild Pitch!
Sean Godron to third
2-0: Swinging Strike
2-1: Ball
3-1: Called Strike
3-2: Base on Balls
Batting: LHB Bernardo Elías 0-0: Ground out 5-3 (Groundball, 5)
Santo Alba to second
Batting: RHB Jim Burch 0-0: Ball
1-0: SINGLE (Groundball, 6MD)
Sean Godron scores
Santo Alba to third
Batting: LHB Steve Costillo 0-0: Foul Ball, location: 2F
0-1: Swinging Strike
0-2: Ball
1-2: Ball
2-2: Ball
3-2: Foul Ball, location: 2F
3-2: Base on Balls
Jim Burch to second
Pitching: RHP Trevor Brohard
Batting: SHB Cash Masters 0-0: Called Strike
0-1: Foul Ball, location: 2F
0-2: Ball
1-2: Foul Ball, location: 2F
1-2: Ground out 3-1 (Groundball, 34S)
Bottom of the 6th over - 4 runs, 5 hits, 0 errors, 3 left on base; Pawnee 6 - Tortolita 8
TOP OF THE 7TH
Pawnee ParksNRec batting - Pitching for Tortolita Drummers : RHP Mike Desmond
Batting: RHB Ken Bone 0-0: Ground out U3 (Groundball, 3S)
Batting: RHB Daryl Moran 0-0: Ball
1-0: Ball
2-0: Ball
3-0: Called Strike
3-1: SOLO HOME RUN (Flyball, 7D), Distance : 372 ft
Batting: RHB David Tineo 0-0: Swinging Strike
0-1: Ground out 6-3 (Groundball, 6)
Batting: RHB Jason Alston 0-0: Fly out, F5 (Popup, 5F)
Top of the 7th over - 1 run, 1 hit, 0 errors, 0 left on base; Pawnee 7 - Tortolita 8
BOTTOM OF THE 7TH
Tortolita Drummers batting - Pitching for Pawnee ParksNRec : RHP Trevor Brohard
Batting: SHB Anthony Hopkins 0-0: Called Strike
0-1: Ball
1-1: SINGLE (Groundball, 4MD)
Batting: SHB Carlos Kramer 0-0: Ball
1-0: Ball
2-0: Ground out U3 (Groundball, 34S)
Anthony Hopkins to second
Batting: RHB Sean Godron 0-0: Ball
1-0: Ball
2-0: Swinging Strike
2-1: Called Strike
2-2: Ball
3-2: Foul Ball, location: 2F
3-2: SINGLE (Flyball, 78M)
Anthony Hopkins to third
Batting: RHB Ricardo Pacheco 0-0: Ball
1-0: Ball
2-0: Called Strike
2-1: Foul Ball, location: 2F
2-2: Strikes out swinging
Batting: RHB Santo Alba 0-0: Ball
1-0: Foul Ball, location: 2F
1-1: Ball
2-1: Ball
3-1: SINGLE (Line Drive, 9S)
Anthony Hopkins scores
Sean Godron to second
Runner from 2nd tries for 3rd, SAFE, no throw
Batting: LHB Bernardo Elías 0-0: Ball
1-0: Foul Ball, location: 2F
1-1: Ball
2-1: Swinging Strike
2-2: Fly out, F7 (Flyball, 7S)
Bottom of the 7th over - 1 run, 3 hits, 0 errors, 2 left on base; Pawnee 7 - Tortolita 9
TOP OF THE 8TH
Pawnee ParksNRec batting - Pitching for Tortolita Drummers : RHP Mike Desmond
Batting: RHB Roberto Aguirre 0-0: Foul Ball, location: 2F
0-1: Ball
1-1: Swinging Strike
1-2: Ball
2-2: Ground out 3-1 (Groundball, 34S)
Batting: SHB Dave Gant 0-0: Called Strike
0-1: Swinging Strike
0-2: Ball
1-2: Fly out, F7 (Flyball, 7)
Batting: SHB Dennis Barraclough 0-0: Ball
1-0: Ball
2-0: Ball
3-0: Called Strike
3-1: Foul Ball, location: 2F
3-2: Fly out, F7 (Flyball, 7D)
Top of the 8th over - 0 runs, 0 hits, 0 errors, 0 left on base; Pawnee 7 - Tortolita 9
BOTTOM OF THE 8TH
Tortolita Drummers batting - Pitching for Pawnee ParksNRec : RHP Trevor Brohard
Batting: RHB Jim Burch 0-0: Called Strike
0-1: Called Strike
0-2: Ball
1-2: Ball
2-2: Strikes out looking
Batting: LHB Steve Costillo 0-0: Called Strike
0-1: Foul Ball, location: 2F
0-2: Foul Ball, location: 2F
0-2: Foul Ball, location: 2F
0-2: Ball
1-2: Ball
2-2: Foul Ball, location: 2F
2-2: Ball
3-2: Foul Ball, location: 2F
3-2: Foul Ball, location: 2F
3-2: Base on Balls
Batting: SHB Cash Masters 0-0: Foul Ball, location: 2F
0-1: Foul Ball, location: 2F
0-2: Strikes out looking
Batting: SHB Anthony Hopkins 0-0: Foul Ball, location: 2F
0-1: Swinging Strike
0-2: Ball
Steve Costillo steals 2nd base
1-2: Ground out U3 (Groundball, 34S)
Bottom of the 8th over - 0 runs, 0 hits, 0 errors, 1 left on base; Pawnee 7 - Tortolita 9
TOP OF THE 9TH
Pawnee ParksNRec batting - Pitching for Tortolita Drummers : RHP Mike Desmond
Batting: RHB Gustavo González 0-0: Swinging Strike
0-1: Called Strike
0-2: Strikes out swinging
Batting: LHB Yao-pang Chiang 0-0: Swinging Strike
0-1: Ball
1-1: Ball
2-1: Ball
3-1: Base on Balls
Batting: RHB Ken Bone 0-0: Ball
1-0: Fielders Choice at 2nd, 1-6 (Groundball, 13)
Pitching: RHP Gustavo Pérez
Batting: RHB Daryl Moran 0-0: Called Strike
0-1: Ball
1-1: Ball
2-1: Ball
Wild Pitch!
Ken Bone to second
3-1: Foul Ball, location: 2F
3-2: Fly out, F8 (Flyball, 8RM)
Top of the 9th over - 0 runs, 0 hits, 0 errors, 1 left on base; Pawnee 7 - Tortolita 9
Tuesday, June 12th, 2018 - OOTP Baseball 18.8 Build 76